 Dungeon Crawl Stone Soup version 0.23-a0-650-ga4d50d4 (console) character file.

4190 bli the Covert (level 10, -1/79 HPs)
             Began as a Formicid Abyssal Knight on Jan 4, 2019.
             Was an Elder of Lugonu.
             Slain by a red ugly thing (19 damage)
             ... on level 7 of the Dungeon.
             The game lasted 00:40:42 (9038 turns).

bli the Covert (Formicid Abyssal Knight)            Turns: 9038, Time: 00:40:43

Health: -1/79      AC:  7    Str: 18    XL:     10   Next: 53%
Magic:  11/11      EV: 12    Int: 12    God:    Lugonu [****..]
Gold:   347        SH:  4    Dex: 15    Spells: 9/9 levels left

rFire    . . .     SeeInvis +   a - +11 short sword {pierce, Dex+3}
rCold    . . .     Gourm    .   X - +0 buckler
rNeg     + . .     Faith    .   G - +2 leather armour {rN+}
rPois    .         Spirit   .   (helmet unavailable)
rElec    .         Reflect  .   (no cloak)
rCorr    .         Harm     .   (no gloves)
MR       +....                  (no boots)
Stlth    +++++.....             (no amulet)
HPRegen  0.23/turn              s - +2 ring of protection
MPRegen  0.12/turn              O - ring of stealth

@: no status effects
A: permanent stasis, dig shafts and tunnels, four strong arms, antennae 3, beak,
talons 1, subdued magic 1
a: Dig, Shaft Self, Depart the Abyss, Bend Space, Banish, Corrupt, Renounce
Religion


You were on level 7 of the Dungeon.
You worshipped Lugonu.
Lugonu was greatly pleased with you.
You were not hungry.

You visited 1 branch of the dungeon, and saw 8 of its levels.
You visited the Abyss 1 time.
You also visited: Sewer.

You collected 347 gold pieces.

Inventory:

Hand Weapons
 a - the +11 short sword of Tartarus (weapon) {pierce, Dex+3}
   (You found it on level 6 of the Dungeon)

   It inflicts extra damage upon your enemies.
   It affects your dexterity (+3).
 b - a +1 hand axe of flaming
 q - a +0 blowgun
 x - a +2 dagger of venom
 B - a +2 halberd of venom
 F - a +4 spear
 K - a +1 hand axe
 M - a +1 dagger of electrocution
 T - a +2 hand axe of chopping
Missiles
 d - 64 sling bullets
 j - 195 stones
 y - 26 poisoned needles
 J - 3 exploding tomahawks
 L - 5 tomahawks (quivered)
 W - 2 throwing nets
Armour
 h - a +0 leather armour
 G - a +2 leather armour of positive energy (worn)
 H - a +0 ring mail
 V - a cursed +0 scale mail
 X - a +0 buckler (worn)
Jewellery
 f - an uncursed ring of ice
 i - an uncursed ring of protection from cold
 s - a +2 ring of protection (left hand)
 O - a ring of stealth (right hand)
 Q - an uncursed ring of attention
 R - a +2 ring of intelligence
Wands
 p - a wand of random effects (17)
Scrolls
 g - 2 scrolls of immolation {unknown}
 k - 2 scrolls of random uselessness
 m - 4 scrolls of amnesia {unknown}
 o - a scroll of remove curse
 r - 4 scrolls of noise {unknown}
 u - 3 scrolls of magic mapping {unknown}
 D - a scroll of enchant weapon
 N - 3 scrolls of enchant armour {unknown}
 P - 4 scrolls of fog {unknown}
Potions
 e - 4 potions of haste {unknown}
 l - a potion of might
 n - 3 potions of resistance
 v - 6 potions of heal wounds {unknown}
 w - 3 potions of agility {unknown}
 z - 2 potions of flight
 A - 4 potions of curing {unknown}
 C - 4 potions of degeneration {unknown}
 U - a potion of ambrosia
 Z - 3 potions of brilliance
Comestibles
 c - 24 rations
 Y - 11 chunks of flesh


   Skills:
 - Level 7.0 Fighting
 + Level 6.7 Short Blades
 - Level 6.0(6.9) Axes
   Level 0.1(3.6) Maces & Flails
 - Level 5.1(6.4) Polearms
 - Level 0.1 Throwing
 - Level 3.1 Armour
 - Level 2.1 Dodging
 - Level 10.0 Stealth
 * Level 2.0 Shields
 + Level 2.1 Invocations


You had 9 spell levels left.
You didn't know any spells.
Your spell library contained the following spells:

 Spells                   Type           Power        Failure   Level  Hunger
 Sting                    Conj/Pois      #...         34%         1    ##.....
 Poisonous Vapours        Pois/Air       #.....       50%         2    ###....
 Mephitic Cloud           Conj/Pois/Air  #.......     73%         3    ####...
 Olgreb's Toxic Radiance  Pois           #.......     98%         4    #####..
 Venom Bolt               Conj/Pois      #.........   100%        5    ######.


Dungeon Overview and Level Annotations

Branches:
Dungeon (8/15)             Temple (0/1) D:4
   Lair: D:8-11

Altars:
Dithmenos
Elyvilon
Fedhas
Gozag
Kikubaaqudgha
Makhleb
Nemelex Xobeh
Qazlal
Uskayaw
Vehumet
Yredelemnul
The Shining One

Shops:
D:7 %


Innate Abilities, Weirdness & Mutations

You cannot be hasted, slowed, berserked, paralysed or teleported.
You can dig through walls and to a lower floor.
Your four strong arms can wield two-handed weapons with a shield.
You have a pair of large antennae on your head. (SInv)
You have a beak for a mouth.
You have sharp toenails.
Your spells are a little easier to cast, but a little less powerful.


Message History

Things that are here:
a +0 club; an orc skeleton A red ugly thing comes into view.
The red ugly thing moves out of view.
You start resting.
The red ugly thing is too close now for your liking.
The red ugly thing gurgles horribly!
You hit the red ugly thing. You peck the red ugly thing.
The red ugly thing is lightly wounded.
The red ugly thing kicks you.
You are engulfed in flames!
You puncture the red ugly thing!
The red ugly thing is moderately wounded.
The red ugly thing closely misses you.
You closely miss the red ugly thing. You claw the red ugly thing.
You peck the red ugly thing, but do no damage.
The red ugly thing is moderately wounded.
The red ugly thing kicks you!
* * * LOW HITPOINT WARNING * * *
You are engulfed in flames!!
You die...

### ### #.......# #.. ..#
#.#####.######## #.# #.# #.#
#......... #.# #.# #.# ##########
#.# #.# #.#### #.# #.#
######))..# ##.## #.###......)..#
....#####...'......÷..#
.........####......÷..#
....####..# #.........# ....#
##.###...@u....#
##.######..#######....######
##.........................######
.................>...............
######.........##.########.######
#.........##. #.# ######.#####
#.# .# #.# )# #.# #.# #.#


You could see a red ugly thing.

Vanquished Creatures
  A hydra (D:8)
  2 dream sheep (D:8)
  2 yaks (D:8)
  Menkaure (D:6)
  Duvessa (D:7)
  An ice beast (D:7)
  An orc warrior (D:7)
  2 sky beasts
  4 ogres
  A centaur (D:7)
  4 big kobolds
  4 bullfrogs
  Dowan (D:7)
  4 howler monkeys
  3 crimson imps
  A bullfrog zombie (D:5)
  2 hounds (D:5)
  7 orc wizards
  2 orc priests
  An iguana (D:4)
  8 worker ants
  A hound skeleton (D:5)
  13 adders
  11 gnolls
  3 river rats (Sewer)
  A shadow imp (D:5)
  An ooze (D:3)
  3 leopard geckos
  18 orcs
  3 giant cockroaches
  3 goblins
  8 hobgoblins
  13 jackals
  24 kobolds
  4 quokkas
  5 ball pythons
  5 bats
  9 frilled lizards
  A jackal skeleton (D:4)
  A leopard gecko zombie (D:5)
  A quokka skeleton (D:6)
  32 rats
  A spectral orc (D:2)
214 creatures vanquished.

Notes
Turn   | Place    | Note
-------+----------+-------------------------------------------
     0 | Abyss:1  | bli the Formicid Abyssal Knight began the quest for the
                  | Orb.
     0 | Abyss:1  | Reached XP level 1. HP: 18/18 MP: 2/2
    34 | Abyss:1  | Noticed a thrashing horror
    37 | Abyss:1  | Noticed a smoke demon
    37 | Abyss:1  | Noticed a small abomination
    38 | D:1      | Escaped the Abyss
    53 | D:1      | Reached * piety under Lugonu
   150 | D:1      | Reached XP level 2. HP: 21/24 MP: 3/3
   832 | D:2      | Reached XP level 3. HP: 17/29 MP: 4/4
   940 | D:2      | Found a faded altar of an unknown god.
  1292 | D:2      | Reached XP level 4. HP: 17/35 MP: 5/5
  1533 | D:2      | Found a basalt altar of Yredelemnul.
  1787 | D:2      | Reached XP level 5. HP: 19/41 MP: 6/6
  1987 | D:2      | Reached ** piety under Lugonu
  2367 | D:3      | Found a glowing drain.
  2404 | Sewer    | Entered a sewer
  2458 | Sewer    | Reached skill level 1 in Dodging
  2515 | Sewer    | Reached skill level 5 in Axes
  2962 | Sewer    | Reached *** piety under Lugonu
  2987 | Sewer    | Noticed a big kobold
  3006 | Sewer    | Killed a big kobold
  3006 | Sewer    | Reached XP level 6. HP: 15/48 MP: 7/7
  3856 | D:3      | Found a sparkling altar of Nemelex Xobeh.
  3930 | D:3      | Found a burning altar of Makhleb.
  4080 | D:3      | Found a hide-covered altar of Uskayaw.
  4128 | D:3      | Found an opulent altar of Gozag.
  4332 | D:4      | Found a staircase to the Ecumenical Temple.
  4552 | D:4      | Reached XP level 7. HP: 43/54 MP: 8/8
  4578 | D:4      | Found a stormy altar of Qazlal.
  4711 | D:4      | Found a white marble altar of Elyvilon.
  4722 | D:4      | Found a radiant altar of Vehumet.
  5062 | D:4      | Reached skill level 1 in Polearms
  5544 | D:5      | Entered Level 5 of the Dungeon
  5586 | D:5      | Reached **** piety under Lugonu
  5735 | D:5      | Reached XP level 8. HP: 38/61 MP: 9/9
  6093 | D:5      | Reached skill level 5 in Fighting
  6109 | D:5      | Gained mutation: You have sharp toenails. [potion of
                  | mutation]
  6109 | D:5      | Gained mutation: Your spells are a little easier to cast,
                  | but a little less powerful. [potion of mutation]
  6109 | D:5      | Gained mutation: You have a beak for a mouth. [potion of
                  | mutation]
  6348 | D:5      | Found a shadowy altar of Dithmenos.
  6379 | D:5      | Reached skill level 5 in Polearms
  6734 | D:6      | Got a scorched short sword
  6735 | D:6      | Identified the +11 short sword of Tartarus {pierce, Dex+3}
                  | (You found it on level 6 of the Dungeon)
  6760 | D:6      | You fall through a shaft for 2 floors!
  6764 | D:8      | Reached skill level 1 in Stealth
  6773 | D:8      | Reached skill level 1 in Short Blades
  6773 | D:8      | Reached skill level 2 in Stealth
  6885 | D:8      | Found an ancient bone altar of Kikubaaqudgha.
  6984 | D:8      | Noticed a dream sheep
  6984 | D:8      | Noticed a dream sheep
  6985 | D:8      | Noticed a yak
  6993 | D:8      | Reached skill level 3 in Stealth
  7022 | D:8      | Killed a dream sheep
  7022 | D:8      | Reached skill level 4 in Stealth
  7022 | D:8      | Reached XP level 9. HP: 62/69 MP: 10/10
  7100 | D:8      | Reached skill level 5 in Stealth
  7171 | D:8      | Reached skill level 6 in Stealth
  7321 | D:8      | Noticed a two-headed hydra
  7329 | D:8      | Killed a one-headed hydra
  7329 | D:8      | Reached skill level 5 in Short Blades
  7329 | D:8      | Reached skill level 7 in Stealth
  7334 | D:8      | Reached XP level 10. HP: 64/77 MP: 11/11
  7419 | D:7      | Noticed Duvessa
  7421 | D:7      | Noticed Dowan
  7434 | D:7      | Killed Dowan
  7434 | D:7      | Reached skill level 8 in Stealth
  7441 | D:7      | Killed Duvessa
  7781 | D:6      | Found a blossoming altar of Fedhas.
  8050 | D:6      | Reached skill level 9 in Stealth
  8373 | D:6      | Noticed Menkaure
  8380 | D:6      | Killed Menkaure
  8380 | D:6      | Reached skill level 1 in Shields
  8581 | D:7      | Found Itojees's Food Shop.
  8836 | D:7      | Found a glowing golden altar of the Shining One.
  8996 | D:7      | Reached skill level 10 in Stealth
  9002 | D:7      | Noticed a red ugly thing
  9038 | D:7      | Slain by a red ugly thing

Vault maps used:
D:1:      erik_arrival_blinker_ship, minmay_splitting_lines
D:2:      yredelemnul_forgotten_temple_becter, chequers_ecumenical_altar_grove,
          kennysheep_generic_room_3
D:3:      nemelex_altar_shiori, lemuel_crystal_altar,
          nicolae_gozag_cash_rules_everything_around_me, lemuel_round_altar,
          portal_sewer_entry_a
D:4:      lemuel_doored_altar, lemuel_crystal_altar, overflow_temple_1_default,
          minmay_temple_entry_water_ring, first_ration
D:5:      nicolae_overflow_hidden_temple
D:6:      fedhas_altar_2, uniq_menkaure
D:7:      marbit_many_paths, serial_shops, shop, uniq_duvessa
D:8:      basic_altar, hangedman_ranch, hangedman_feature_mirror
Abyss:1:  evilmike_abyss_exit_15
Sewer:    sewer_minmay_treatment

Skill      XL: |  1  2  3  4  5  6  7  8  9 10 |
---------------+-------------------------------+-----
Axes           | 3 4 5 6 |  6.0
Dodging        | 1 2 |  2.1
Fighting       | 4 5 6 7 |  7.0
Armour         | 3 |  3.1
Polearms       | 3 5 |  5.1
Stealth        | 4 7 10 | 10.0
Short Blades   | 2 5 6 |  6.7
Shields        | 2 |  2.0
Maces & Flails | |  0.1
Throwing       | |  0.1
Invocations    | |  2.1

Action                   |  1- 3 |  4- 6 |  7- 9 | 10-12 || total
-------------------------+-------+-------+-------+-------++-------
Melee: Hand axe          |   106 |   223 |    12 |       ||   341
       Spear             |       |       |   151 |       ||   151
       Short sword       |       |       |    40 |    99 ||   139
       Kick              |       |       |    25 |    24 ||    49
       Peck              |       |       |    18 |    22 ||    40
       Halberd           |       |       |     9 |       ||     9
Throw: Stone             |     1 |    47 |    13 |       ||    61
       Tomahawk          |       |       |    40 |     7 ||    47
Invok: Depart the Abyss  |     1 |       |       |       ||     1
 Abil: Dig               |       |     1 |       |     1 ||     2
  Use: Scroll            |       |       |     9 |     3 ||    12
       Potion            |       |       |     1 |       ||     1
 Stab: Sleeping          |       |     1 |     3 |    10 ||    14
       Distracted        |       |       |       |     1 ||     1
  Eat: Chunk             |     1 |    11 |     9 |     5 ||    26
Armor: Leather armour    |    33 |    50 |    32 |    12 ||   127
Dodge: Dodged            |    67 |   133 |    94 |    32 ||   326
Block: Buckler           |       |       |       |     6 ||     6

Table legend:
 A = Non-vault XP
 B = Vault XP
 C = Vault XP percentage of total XP
 D = Non-vault monster count
 E = Vault monster count
 F = Vault count percentage of total count
                 A         B        C        D         E       F
            +---------+---------+-------+---------+---------+-------
      Total |    3077 |    2910 |  48.6 |     148 |      66 |  30.8
            +---------+---------+-------+---------+---------+-------
        D:1 |      20 |       0 |   0.0 |      13 |       0 |   0.0
        D:2 |     131 |       2 |   1.5 |      39 |       2 |   4.9
        D:3 |      33 |       3 |   8.3 |       9 |       3 |  25.0
        D:4 |     411 |       0 |   0.0 |      17 |       0 |   0.0
        D:5 |     608 |       0 |   0.0 |      28 |       0 |   0.0
        D:6 |     634 |     172 |  21.3 |      22 |       1 |   4.3
        D:7 |     968 |     221 |  18.6 |      16 |       3 |  15.8
        D:8 |     272 |    2281 |  89.3 |       4 |       9 |  69.2
      Sewer |       0 |     231 | 100.0 |       0 |      48 | 100.0
            +---------+---------+-------+---------+---------+-------
